[Event "Titled Tuesday Blitz January 03 Late 2023"]
[White "Adury, Anant"]
[Black "Karttunen, Mika"]
[WhiteFideId "30964687"]
[BlackFideId "502081"]
[WhiteElo "2123"]
[BlackElo "2490"]
[Result "0-1"]
[Round "01"]
[TimeControl "180+2"]
[Date "2023.01.03"]
[WhiteClock "0:00:03"]
[BlackClock "0:00:37"]

1. d4 d5 2. c4 e6 3. Nc3 Nf6 4. Nf3 Bb4 5. Bg5 h6 6. Bxf6 Qxf6 7. cxd5 exd5 8. Qa4+ Nc6 9. e3 O-O 10. Bb5 a5 11. O-O Ne7 12. Ne5 c6 13. Bd3 Bf5 14. Qc2 Bxd3 15. Qxd3 Qf5 16. a3 Qxd3 17. Nxd3 Bd6 18. b4 Nc8 19. bxa5 Rxa5 20. a4 f6 21. Rab1 b6 22. Rfc1 Rf7 23. Na2 Rc7 24. Nab4 Ne7 25. Nc2 Ra6 26. Na1 Kf7 27. Rc2 Ke8 28. Rcb2 Nc8 29. Ra2 Rca7 30. Rc2 Kd7 31. Rbc1 Ne7 32. Rb1 Bc7 33. Nb2 b5 34. Nb3 Bd6 35. axb5 cxb5 36. Nd3 Rb6 37. Nbc5+ Bxc5 38. Rxc5 Rab7 39. Nb4 Kd6 40. Rbc1 Ra7 41. Rb1 Ra4 42. g3 Rb7 43. Kg2 Ra5 44. g4 Rc7 45. Rbc1 Rb7 46. Rb1 g5 47. Kg3 Rb8 48. h4 gxh4+ 49. Kxh4 Rg8 50. f3 Ra2 51. Rh1 Re2 52. Rxb5 Rxe3 53. Kg3 Rb3 54. Rb6+ Kd7 55. Nxd5 Rxb6 56. Nxb6+ Ke6 57. Nc4 Kd5 58. Nd2 Kxd4 59. Rxh6 Nf5+ 60. Kf4 Nxh6 61. Ne4 Rf8 62. Ng3 Kd5 63. Nf5 Nxf5 64. Kxf5 Kd6 65. f4 Ke7 0-1


[Site "https://www.chess.com"]

[Event "Titled Tuesday Blitz January 03 Late 2023"]
[White "Denishev, Marat"]
[Black "qiaohu_henry"]
[WhiteFideId "24131563"]
[WhiteElo "2255"]
[BlackElo "2253"]
[Result "1-0"]
[Round "01"]
[TimeControl "180+2"]
[Date "2023.01.03"]
[WhiteClock "0:01:06"]
[BlackClock "0:00:02"]

1. d4 e6 2. Nf3 d5 3. c4 Nf6 4. Nc3 c6 5. Bg5 Nbd7 6. e3 Qa5 7. Nd2 Bb4 8. Bxf6 Nxf6 9. Qc2 O-O 10. Bd3 Re8 11. O-O e5 12. cxd5 exd4 13. Nb3 Qd8 14. Nxd4 Bxc3 15. bxc3 Qxd5 16. Rab1 b6 17. Rfe1 Bb7 18. Nf3 h6 19. e4 Qa5 20. e5 Nd5 21. e6 Rxe6 22. Rxe6 fxe6 23. Bh7+ Kh8 24. Ne5 Rf8 25. Ng6+ Kxh7 26. Nxf8+ Kg8 27. Nxe6 Qxc3 28. Qxc3 Nxc3 29. Re1 c5 30. Nxg7 Nxa2 31. Nf5 Nb4 32. Re7 Bc6 33. Nxh6+ Kf8 34. Rxa7 c4 35. Nf5 c3 36. Nd4 c2 37. Nxc2 Nxc2 38. Ra6 Bd5 39. Rxb6 Bf7 40. h4 Nd4 41. f3 Ne6 42. Kf2 Kg7 43. g4 Nf8 44. Kg3 Ng6 45. f4 Nf8 46. h5 Nh7 47. Rb7 Nf8 48. g5 Kg8 49. Kg4 Bd5 50. Ra7 Be6+ 51. f5 Bd5 52. g6 Bc4 53. Kg5 Bd5 54. h6 Bc4 55. h7+ Kh8 56. g7+ 1-0


[Site "https://www.chess.com"]

[Event "Titled Tuesday Blitz January 03 Late 2023"]
[White "Sariego Figueredo, Wilfredo"]
[Black "Fiorito, Francisco"]
[WhiteFideId "3500080"]
[BlackFideId "180165"]
[WhiteElo "2318"]
[BlackElo "2305"]
[Result "0-1"]
[Round "01"]
[TimeControl "180+2"]
[Date "2023.01.03"]
[WhiteClock "0:00:03"]
[BlackClock "0:02:25"]

1. d4 Nf6 2. Bf4 d5 3. e3 c5 4. c3 Nc6 5. Nf3 Qb6 6. Qb3 c4 7. Qxb6 axb6 8. Nbd2 b5 9. Be2 Bf5 10. O-O h6 11. Ne5 e6 12. b3 Ba3 13. bxc4 bxc4 14. Nxc6 bxc6 15. Rae1 Bb2 16. Nb1 Rxa2 17. Bf3 O-O 18. Bd6 Rfa8 19. Re2 Bd3 20. Rfe1 Bxe2 21. Rxe2 Ne4 22. Bxe4 dxe4 23. h3 Ba1 24. Re1 f5 25. Bb4 Bb2 0-1


[Site "https://www.chess.com"]

[Event "Titled Tuesday Blitz January 03 Late 2023"]
[White "Di Nicolantonio, Lucas"]
[Black "Finkelstein, Alan"]
[WhiteFideId "680460"]
[BlackFideId "30950961"]
[WhiteElo "2376"]
[BlackElo "2152"]
[Result "1/2-1/2"]
[Round "01"]
[TimeControl "180+2"]
[Date "2023.01.03"]
[WhiteClock "0:00:03"]
[BlackClock "0:00:07"]

1. e4 c5 2. Nf3 e6 3. c3 Nc6 4. d4 d5 5. e5 Qb6 6. a3 c4 7. Nbd2 Na5 8. h4 Bd7 9. h5 h6 10. Rb1 Qc7 11. Nh4 Ne7 12. Qg4 Ba4 13. b4 cxb3 14. Bb2 Nc4 15. Nxc4 dxc4 16. d5 Qxe5+ 17. Be2 exd5 18. Nf3 Qf5 19. Qxf5 Nxf5 20. Rd1 O-O-O 21. g4 Ne7 22. Ne5 Be8 23. O-O f6 24. Nf3 Nc6 25. Rd2 Bc5 26. Rfd1 Bf7 27. Kg2 Rhe8 28. Nh4 b5 29. Nf5 Bf8 30. Bf3 Re5 31. Ne3 Ne7 32. a4 bxa4 33. Nxc4 Re6 34. Ne3 Red6 35. c4 Nc6 36. cxd5 Ne5 37. Bxe5 fxe5 38. Nc4 R6d7 39. Nxe5 Re7 40. Nc6 Red7 41. Nxd8 Kxd8 42. d6 a3 43. Bc6 b2 44. Bxd7 Kxd7 45. Kf3 Ba2 46. Rd3 b1=Q 47. Rxb1 Bxb1 48. Rxa3 Kxd6 49. Rxa7 Bh7 50. Kg3 Ke6 51. f4 Be7 52. f5+ Kf7 53. Kf4 Kf6 54. Ra6+ Kf7 55. Ra7 Kf6 56. Ra6+ Kf7 57. Ke5 Bg8 58. Ra7 Kf8 59. Ra8+ Kf7 60. Ra7 Kf8 61. Ke4 Bf7 62. Ra8+ Be8 63. Ke5 Kf7 64. Ra7 Kf8 65. Ke6 Bf7+ 66. Kd7 Be8+ 67. Ke6 Bf7+ 68. Ke5 Be8 69. Ra8 Kf7 70. Kf4 Bg5+ 71. Kg3 Bf6 72. Ra7+ Be7 73. Ra6 Kf8 74. Ra7 Kf7 75. Ra6 Kf8 76. Ra7 Kf7 1/2-1/2


[Site "https://www.chess.com"]

[Event "Titled Tuesday Blitz January 03 Late 2023"]
[White "Papp, Petra"]
[Black "Suvorov, Alexander"]
[WhiteFideId "739049"]
[BlackFideId "12977063"]
[WhiteElo "2343"]
[BlackElo "2338"]
[Result "0-1"]
[Round "01"]
[TimeControl "180+2"]
[Date "2023.01.03"]
[WhiteClock "0:00:01"]
[BlackClock "0:00:10"]

1. d4 Nf6 2. Nc3 d5 3. Bf4 a6 4. e3 g6 5. h4 h6 6. Nf3 Bg7 7. Ne5 Nbd7 8. Be2 c5 9. Qd2 e6 10. O-O-O b5 11. g4 b4 12. Na4 Ne4 13. Qe1 Qa5 14. b3 Nxe5 15. Bxe5 Bxe5 16. dxe5 Bd7 17. f3 Nc3 18. Nxc3 bxc3 19. Kb1 Bb5 20. Bf1 Ke7 21. f4 c4 22. f5 cxb3 23. axb3 Rhc8 24. Rd4 Qc7 25. Qg3 Qa5 26. Qe1 Qc7 27. Qg3 gxf5 28. gxf5 Rg8 29. Qf2 Qxe5 30. Bd3 Rg3 31. Rf1 Rxe3 32. fxe6 fxe6 33. Qf7+ Kd6 34. Rb4 Bxd3 35. Rb6+ Kc5 36. Qb7 Bxc2+ 37. Ka1 Re1+ 38. Ka2 Rxf1 39. Qc6+ Kd4 40. Rb4+ Kd3 41. Qc4+ dxc4 0-1


[Site "https://www.chess.com"]

[Event "Titled Tuesday Blitz January 03 Late 2023"]
[White "Poliakova, Varvara"]
[Black "Corredor Castellanos, Camilo"]
[WhiteFideId "13518313"]
[BlackFideId "4425871"]
[WhiteElo "2010"]
[BlackElo "1957"]
[Result "1/2-1/2"]
[Round "01"]
[TimeControl "180+2"]
[Date "2023.01.03"]
[WhiteClock "0:00:20"]
[BlackClock "0:00:28"]

1. e4 c5 2. Nc3 a6 3. d3 b5 4. g3 Bb7 5. f4 e6 6. Bg2 b4 7. Nce2 d5 8. e5 Ne7 9. Nf3 Nf5 10. O-O h5 11. Ng5 Be7 12. Bf3 Nc6 13. h4 Ncd4 14. Nxd4 cxd4 15. Kg2 Rc8 16. Bd2 Qc7 17. Rc1 Bxg5 18. hxg5 Ke7 19. Bxh5 a5 20. Bg4 Ne3+ 21. Bxe3 dxe3 22. d4 Ba6 23. Be2 Qa7 24. Bxa6 Qxa6 25. Qd3 Qb6 26. Qxe3 Rc4 27. c3 bxc3 28. bxc3 g6 29. Rb1 Qc6 30. Rfc1 Rc8 31. Rb3 a4 32. Ra3 Rb8 33. Rc2 Rb1 34. g4 Qc8 35. Qd2 Qh8 36. Rc1 Rb5 37. Rh1 Qb8 38. Rc1 Qc7 39. Qd1 Rb2+ 40. Rc2 Rb8 41. f5 gxf5 42. gxf5 Rg8 43. g6 fxg6 44. f6+ Kf7 45. Rc1 Rh8 46. Rxa4 Rh5 47. Qb3 Rg5+ 48. Kf3 Rf5+ 49. Ke3 Rxe5+ 50. dxe5 Qxe5+ 51. Kd2 Qf4+ 52. Kc2 Rxa4 53. Rd1 Kxf6 54. Kb2 Qf2+ 55. Kb1 Qa7 56. Rf1+ Kg7 57. Qb2 Rc4 58. Re1 Rc6 59. Ka1 Qc5 60. c4+ d4 61. Qe2 Qxc4 62. Qe5+ Kg8 63. Qg3 Qc3+ 64. Qxc3 dxc3 65. Kb1 g5 66. Kc2 Kf7 67. a4 Kf6 68. a5 Kf5 69. Rf1+ Ke4 70. Rg1 Kf4 71. Rf1+ Kg4 72. Rg1+ Kh4 73. Rh1+ Kg4 74. Rg1+ Kf5 75. Rf1+ Kg6 76. Rg1 Ra6 77. Kxc3 Rxa5 78. Kd4 e5+ 79. Ke4 Kf6 80. Rf1+ Ke6 81. Rf8 Ra4+ 82. Ke3 g4 83. Re8+ Kf6 84. Rf8+ Ke7 85. Rg8 Rf4 86. Rg6 Kf7 87. Rg5 Kf6 88. Rg8 Rf3+ 89. Ke4 Ra3 90. Rxg4 Ra4+ 91. Kf3 Ra3+ 92. Ke4 Ra4+ 93. Kf3 Ra1 94. Rg8 Rf1+ 95. Ke4 Rf4+ 96. Ke3 Rh4 97. Rf8+ Ke6 98. Re8+ Kd6 99. Rd8+ Ke7 100. Ra8 Ke6 101. Re8+ Kf5 102. Rf8+ Ke6 103. Re8+ 1/2-1/2


[Site "https://www.chess.com"]

[Event "Titled Tuesday Blitz January 03 Late 2023"]
[White "Kovacs, Klara"]
[Black "Martinez Ramirez, Lennis"]
[WhiteFideId "733210"]
[BlackFideId "3509079"]
[WhiteElo "2121"]
[BlackElo "2426"]
[Result "0-1"]
[Round "01"]
[TimeControl "180+2"]
[Date "2023.01.03"]
[WhiteClock "0:01:25"]
[BlackClock "0:02:08"]

1. e4 c6 2. d4 d5 3. exd5 cxd5 4. c4 Nf6 5. Nc3 Nc6 6. Bg5 Be6 7. cxd5 Bxd5 8. Bxf6 gxf6 9. f3 e6 10. Bb5 a6 11. Ba4 Rg8 12. Qd2 Bb4 13. Nh3 b5 14. Bc2 Bc4 15. b3 Qxd4 16. Qxd4 Nxd4 17. O-O-O Bxc3 18. bxc4 Rxg2 19. Be4 Rc8 20. Nf4 Rxa2 21. Rxd4 Bxd4 22. Bb1 Rxc4+ 23. Kd1 Rb2 24. Bd3 Ra4 25. Ne2 Ra1+ 26. Nc1 Be3 0-1


[Site "https://www.chess.com"]

[Event "Titled Tuesday Blitz January 03 Late 2023"]
[White "Richter, Paul"]
[Black "Zampronha, Wladimir Camilo"]
[WhiteFideId "2046350"]
[BlackFideId "2103087"]
[WhiteElo "2171"]
[BlackElo "2176"]
[Result "1/2-1/2"]
[Round "01"]
[TimeControl "180+2"]
[Date "2023.01.03"]
[WhiteClock "0:00:13"]
[BlackClock "0:00:12"]

1. e4 c5 2. Nf3 e6 3. d3 Nc6 4. Nbd2 d5 5. g3 Bd6 6. Bg2 Nge7 7. O-O O-O 8. Re1 Bc7 9. a4 b6 10. exd5 exd5 11. c3 Bf5 12. Nf1 Qd7 13. d4 c4 14. Bg5 Rfe8 15. Bxe7 Rxe7 16. Rxe7 Qxe7 17. Qd2 Be4 18. Re1 Qf6 19. Qd1 h6 20. N1d2 Bd3 21. Nh4 Rd8 22. Nf1 Ne7 23. Qf3 Qxf3 24. Nxf3 Kf8 25. Ne5 Bc2 26. Ne3 Bxa4 27. Ra1 b5 28. f4 f6 29. Nf3 Bb6 30. Kf2 Kf7 31. g4 Nc8 32. Nh4 Ne7 33. f5 Bc7 34. h3 Bf4 35. Bf3 Bxe3+ 36. Kxe3 Nc6 37. Ng2 Ne7 38. Nf4 Rd6 39. h4 Rd8 40. Ne6 Rd6 41. h5 Nc8 42. Nf4 Nb6 43. Kd2 Rd8 44. Ne6 Rd6 45. Nc5 Rd8 46. Re1 Re8 47. Ra1 Rd8 48. Nb7 Rd7 49. Nc5 Rd8 1/2-1/2


[Site "https://www.chess.com"]

[Event "Titled Tuesday Blitz January 03 Late 2023"]
[White "Andreassen, Lars"]
[Black "Rodriguez Fontecha, Marcos"]
[WhiteFideId "1504878"]
[BlackFideId "2256576"]
[WhiteElo "2168"]
[BlackElo "2309"]
[Result "0-1"]
[Round "01"]
[TimeControl "180+2"]
[Date "2023.01.03"]
[WhiteClock "0:00:01"]
[BlackClock "0:00:12"]

1. d4 d5 2. Nf3 Nf6 3. c4 c6 4. Nc3 dxc4 5. e4 b5 6. e5 Nd5 7. a4 e6 8. axb5 Nxc3 9. bxc3 cxb5 10. Ng5 Bb7 11. Qh5 g6 12. Qg4 Be7 13. h4 h5 14. Qf4 Bxg5 15. hxg5 Nd7 16. Ba3 Qa5 17. Qd2 O-O-O 18. Be2 Bxg2 19. Rg1 Bd5 20. Qb2 Qb6 21. Bb4 h4 22. Ba5 Qb7 23. Bxd8 Kxd8 24. f3 h3 25. Kf2 h2 26. Rh1 Rh3 27. Kg2 Bxf3+ 28. Kxh3 Bxh1 29. Bg4 Bf3 30. Qxh2 Bxg4+ 31. Kxg4 Qe4+ 32. Qf4 Qg2+ 33. Kh4 Ke7 34. Rxa7 Qh1+ 35. Kg3 Qe1+ 36. Kh3 Qh1+ 37. Kg3 Qe1+ 38. Kg2 Qe2+ 39. Kh3 Qd3+ 40. Kh4 Ke8 41. Ra8+ Ke7 42. Ra7 Ke8 43. Rxd7 Kxd7 44. Qxf7+ Kd8 45. Qg8+ Kc7 46. Qf7+ Kd8 47. Qf8+ Kc7 48. Qe7+ Kb6 49. Qxe6+ Ka5 50. Qg4 Qxc3 51. e6 Qe1+ 52. Kh3 c3 53. d5 c2 0-1


[Site "https://www.chess.com"]

[Event "Titled Tuesday Blitz January 03 Late 2023"]
[White "Kleiman, Jake"]
[Black "Broca Jimenez, Fernando"]
[WhiteFideId "2020041"]
[BlackFideId "5104742"]
[WhiteElo "2399"]
[BlackElo "2075"]
[Result "1-0"]
[Round "01"]
[TimeControl "180+2"]
[Date "2023.01.03"]
[WhiteClock "0:02:23"]
[BlackClock "0:01:48"]

1. e4 c5 2. c3 Nf6 3. e5 Nd5 4. Bc4 Nb6 5. Bb3 Nc6 6. Nf3 d5 7. exd6 Qxd6 8. O-O Be6 9. Bxe6 Qxe6 10. a4 g6 11. a5 Nd5 12. d4 cxd4 13. Nxd4 Nxd4 14. Qxd4 Nf6 15. Na3 Bg7 16. Nb5 Qd5 17. Nc7+ Kf8 18. Nxd5 Nxd5 19. Qxd5 e6 20. Qxb7 Re8 21. Qxa7 h5 22. a6 Kg8 23. Qd7 Kh7 24. a7 Rd8 25. Qxf7 Rhf8 26. Qxe6 Rfe8 27. Qxe8 Rxe8 28. a8=Q Rxa8 29. Rxa8 Be5 30. Rd1 g5 31. Rd7+ Kg6 32. Ra6+ Kf5 33. f3 g4 34. Rf7+ Bf6 35. Rfxf6+ Ke5 36. Rad6 gxf3 37. gxf3 h4 38. Kh1 h3 39. Bf4# 1-0


[Site "https://www.chess.com"]

[Event "Titled Tuesday Blitz January 03 Late 2023"]
[White "Ardila, Oscar Humberto"]
[Black "Brilej, Jaka"]
[WhiteFideId "4404742"]
[BlackFideId "14618818"]
[WhiteElo "1982"]
[BlackElo "2321"]
[Result "0-1"]
[Round "01"]
[TimeControl "180+2"]
[Date "2023.01.03"]
[WhiteClock "0:00:01"]
[BlackClock "0:00:39"]

1. d4 d5 2. Nf3 Nf6 3. g3 Bf5 4. Bg2 h6 5. O-O e6 6. c3 c6 7. Nbd2 Nbd7 8. Re1 Be7 9. b3 O-O 10. Bb2 c5 11. Rc1 Rc8 12. Nh4 Bh7 13. Nhf3 Qa5 14. a4 cxd4 15. Nxd4 e5 16. Nb5 a6 17. b4 Qb6 18. Na3 Rfd8 19. Qb3 Nf8 20. Nf3 Qe6 21. b5 a5 22. e3 N8d7 23. Nb1 Nc5 24. Qd1 Nd3 25. Ba3 Nxe1 26. Bxe7 Qxe7 27. Nxe1 Bxb1 28. Rxb1 Rxc3 29. Qd2 Qc7 30. Nf3 Ne4 31. Qe1 Rc2 32. Nh4 Nxf2 33. Nf5 Nd3 34. Qf1 Rc1 35. Rxc1 Qxc1 36. Qxc1 Nxc1 37. Kf2 Kf8 38. Ke1 Nd3+ 39. Kd2 Nc5 40. Kc3 Nxa4+ 41. Kb3 Nc5+ 42. Kc3 b6 43. Bf1 h5 44. Nh4 g6 45. Nf3 f6 46. Be2 Rc8 47. Kb2 Ne4 48. Nh4 Kf7 49. Bd3 f5 50. Nf3 Kf6 51. Bf1 Rc3 52. Ne1 Rxe3 53. Nd3 d4 54. Nc1 Nc5 0-1


[Site "https://www.chess.com"]

[Event "Titled Tuesday Blitz January 03 Late 2023"]
[White "Sailer, Mike"]
[Black "Chor, Kevin"]
[WhiteFideId "2012901"]
[BlackFideId "2090740"]
[WhiteElo "2109"]
[BlackElo "1944"]
[Result "1/2-1/2"]
[Round "01"]
[TimeControl "180+2"]
[Date "2023.01.03"]
[WhiteClock "0:00:09"]
[BlackClock "0:00:07"]

1. d4 Nf6 2. Nf3 g6 3. Bf4 Bg7 4. e3 d6 5. Be2 Nbd7 6. O-O O-O 7. c4 b6 8. Nc3 Bb7 9. h3 Ne4 10. Nxe4 Bxe4 11. Rc1 e5 12. Bh2 Qe7 13. Re1 f5 14. b4 Rad8 15. c5 dxc5 16. bxc5 bxc5 17. dxe5 Nxe5 18. Qa4 Bxf3 19. Bxf3 Nd3 20. Qxa7 Nxe1 21. Rxe1 Be5 22. Bxe5 Qxe5 23. Rc1 Qd6 24. Rxc5 Rd7 25. Qa3 Rb8 26. g3 Rb5 27. Bd5+ Kf8 28. Qa8+ Rd8 29. Rxb5 Rxa8 30. Bxa8 Qa6 31. Rb8+ Kg7 32. Bd5 Qd6 33. Bb3 Kh6 34. Rb5 c5 35. Rb7 Qc6 36. Rb8 c4 37. Bc2 c3 38. Rb3 Kg5 39. Kh2 h5 40. h4+ Kf6 41. Kg1 g5 42. Bd3 c2 43. Bxc2 Qxc2 44. Rb6+ Ke5 45. Rb4 gxh4 46. Rxh4 Qxa2 47. Rf4 Qb1+ 48. Kg2 Qb7+ 49. Kg1 Qg7 50. Rh4 Qg5 51. Rf4 Qg6 52. Rh4 Kf6 53. Rf4 Kg5 54. Rh4 Qc6 55. Rf4 Qc1+ 56. Kg2 Qd2 57. Rh4 Qd5+ 58. Kg1 Qd2 59. Rf4 Kf6 60. Rh4 Ke5 61. Rf4 Qd1+ 62. Kg2 Qd5+ 63. Kg1 Qa2 64. Rh4 f4 65. Rxf4 Qb1+ 66. Kg2 Qb7+ 67. Kg1 Qe7 68. Rh4 Qf7 69. Rf4 Qg6 70. Rh4 1/2-1/2


[Site "https://www.chess.com"]

[Event "Titled Tuesday Blitz January 03 Late 2023"]
[White "Manukyan, Sargis A."]
[Black "Mathur, Rithwik"]
[WhiteFideId "13303970"]
[BlackFideId "30913667"]
[WhiteElo "2158"]
[BlackElo "2111"]
[Result "1-0"]
[Round "01"]
[TimeControl "180+2"]
[Date "2023.01.03"]
[WhiteClock "0:00:20"]
[BlackClock "0:00:02"]

1. d4 Nf6 2. c4 e6 3. Nc3 d5 4. Nf3 c5 5. cxd5 Nxd5 6. e4 Nxc3 7. bxc3 cxd4 8. cxd4 Bb4+ 9. Bd2 Bxd2+ 10. Qxd2 O-O 11. Bc4 Nd7 12. O-O b6 13. Rfe1 Bb7 14. Rad1 Rc8 15. Bb3 Nf6 16. Qf4 h6 17. h3 Nh5 18. Qh2 Nf6 19. Qf4 Nh5 20. Qe3 Nf6 21. Qd3 Qc7 22. Ne5 Rfd8 23. Ng4 Nxg4 24. hxg4 Qc3 25. f3 Rd7 26. Re3 Qxd3 27. Rexd3 b5 28. Kf2 a6 29. Ke3 Kf8 30. a4 Ke7 31. axb5 axb5 32. d5 exd5 33. Bxd5 Bxd5 34. Rxd5 Rc3+ 35. Kf4 Rxd5 36. Rxd5 Rc2 37. Re5+ Kf6 38. Rf5+ Ke7 39. Rxb5 Rxg2 40. Ke5 Rd2 41. Rb7+ Rd7 42. Rb8 f6+ 43. Kf5 Kf7 44. Rb3 Re7 45. Kf4 Rd7 46. Ra3 Rc7 47. Ke3 Rd7 48. Rc3 Rb7 49. f4 Rd7 50. Rc5 Ra7 51. Rc3 Rb7 52. Kd4 Rb4+ 53. Kd5 Rb5+ 54. Kd6 Rb6+ 55. Kd7 Rb4 56. Re3 Rd4+ 57. Kc6 g6 58. Kc5 Rd1 59. Ra3 Rc1+ 60. Kd4 Rd1+ 61. Ke3 Rd7 62. Ra8 h5 63. gxh5 gxh5 64. Rh8 Kg6 65. f5+ Kg5 66. Rg8+ Kh4 67. Rg6 1-0


[Site "https://www.chess.com"]

[Event "Titled Tuesday Blitz January 03 Late 2023"]
[White "Smith, Garrett L"]
[Black "Leenhouts, Koen"]
[WhiteFideId "2024829"]
[BlackFideId "1008439"]
[WhiteElo "2047"]
[BlackElo "2447"]
[Result "0-1"]
[Round "01"]
[TimeControl "180+2"]
[Date "2023.01.03"]
[WhiteClock "0:01:35"]
[BlackClock "0:01:33"]

1. e4 c5 2. a3 g6 3. b4 Bg7 4. Nc3 b6 5. bxc5 bxc5 6. Rb1 Nc6 7. Nf3 Nf6 8. Bc4 O-O 9. O-O d6 10. Re1 Bg4 11. h3 Bxf3 12. Qxf3 Ne5 13. Qe2 Nxc4 14. Qxc4 Nd7 15. a4 Rb8 16. Rxb8 Qxb8 17. Nd5 Re8 18. d3 e6 19. Ne3 Qb4 20. Qxb4 cxb4 21. Nc4 Rc8 22. Be3 d5 23. exd5 exd5 24. Nd6 Rxc2 25. Bxa7 b3 0-1


[Site "https://www.chess.com"]

[Event "Titled Tuesday Blitz January 03 Late 2023"]
[White "Klose, Eli"]
[Black "Fernandez Hernandez, Gerardo"]
[WhiteFideId "16242955"]
[BlackFideId "2207400"]
[WhiteElo "1519"]
[BlackElo "2181"]
[Result "0-1"]
[Round "01"]
[TimeControl "180+2"]
[Date "2023.01.03"]
[WhiteClock "0:00:08"]
[BlackClock "0:00:10"]

1. e4 e6 2. d4 d5 3. Nc3 Nc6 4. Nf3 Nf6 5. e5 Ne4 6. Bb5 Bd7 7. Bd3 Bb4 8. Bd2 Nxd2 9. Qxd2 f6 10. a3 Bxc3 11. bxc3 fxe5 12. Nxe5 Nxe5 13. dxe5 O-O 14. O-O c5 15. f4 c4 16. Be2 Be8 17. Bg4 Kh8 18. Qd4 Qe7 19. a4 Bg6 20. Ra2 h5 21. Be2 b6 22. a5 Qc5 23. g3 Qxd4+ 24. cxd4 b5 25. a6 b4 26. Rb2 Rab8 27. Ra1 Rb6 28. Kf2 Rc8 29. Ke3 c3 30. Rba2 b3 31. cxb3 c2 32. Rc1 Rxb3+ 33. Kd2 Rb1 34. Ra1 Rcb8 35. Bd1 Rxa1 36. Rxa1 Rb1 37. Bxc2 Rxa1 38. Bxg6 Rxa6 39. Bf7 Rb6 40. f5 exf5 41. Bxd5 g6 42. e6 Kg7 43. e7 Rb8 44. Bc6 Kf7 45. d5 Kxe7 46. Kd3 Kd6 47. Ke3 a5 48. Kf4 a4 49. Bxa4 Rb4+ 50. Kg5 Rxa4 51. Kxg6 Kxd5 52. Kxh5 Ke5 53. h4 Ra1 54. Kg5 Rg1 55. Kh6 Rxg3 56. h5 f4 57. Kh7 f3 58. h6 Rh3 59. Kh8 Rxh6+ 60. Kg7 Rf6 61. Kh7 f2 62. Kg7 f1=Q 63. Kh7 Qg2 64. Kh8 Rf3 65. Kh7 Rh3# 0-1


[Site "https://www.chess.com"]

[Event "Titled Tuesday Blitz January 03 Late 2023"]
[White "Guerra Rivera, Salvador"]
[Black "Souza, Gustavo Horokoski De"]
[WhiteFideId "32096542"]
[BlackFideId "2146584"]
[WhiteElo "2290"]
[BlackElo "1943"]
[Result "1-0"]
[Round "01"]
[TimeControl "180+2"]
[Date "2023.01.03"]
[WhiteClock "0:02:11"]
[BlackClock "0:00:58"]

1. e4 e6 2. d4 d5 3. Nd2 Nc6 4. Ngf3 Nf6 5. e5 Nd7 6. Bd3 f6 7. Ng5 fxg5 8. Qh5+ Ke7 9. Nf3 Nf6 10. Bxg5 Qe8 11. exf6+ gxf6 12. Bxf6+ Kxf6 13. Qxe8 Bb4+ 14. c3 Bxc3+ 15. bxc3 Rxe8 16. Bxh7 e5 17. dxe5+ Nxe5 18. Nxe5 Rxe5+ 19. Kd2 Bf5 20. Bxf5 Kxf5 21. Rab1 b6 22. h4 Rae8 23. Rbe1 Rxe1 24. Rxe1 Rg8 25. g3 Rg7 26. h5 Rh7 27. f3 Kg5 28. Re5+ Kf6 29. Rxd5 Rg7 30. g4 c6 31. Rd6+ 1-0


[Site "https://www.chess.com"]

[Event "Titled Tuesday Blitz January 03 Late 2023"]
[White "Nissinen, Niilo Man"]
[Black "Yang, Kevin"]
[WhiteFideId "30950767"]
[BlackFideId "30908485"]
[WhiteElo "1958"]
[BlackElo "2096"]
[Result "0-1"]
[Round "01"]
[TimeControl "180+2"]
[Date "2023.01.03"]
[WhiteClock "0:00:03"]
[BlackClock "0:01:37"]

1. e4 e6 2. d4 a6 3. c4 d5 4. cxd5 exd5 5. e5 Ne7 6. Nc3 Be6 7. h3 c5 8. Nf3 Nbc6 9. Bf4 Ng6 10. Bg3 Qb6 11. dxc5 Qxb2 12. Qc1 Qb4 13. Rb1 Qa5 14. Rxb7 d4 15. Nxd4 Nxd4 16. Qd2 Bxc5 17. Bd3 Bb4 0-1


[Site "https://www.chess.com"]

[Event "Titled Tuesday Blitz January 03 Late 2023"]
[White "Kozlov, Gennady"]
[Black "Graham, Nathaniel"]
[WhiteFideId "4191668"]
[BlackFideId "2007983"]
[WhiteElo "2401"]
[BlackElo "2262"]
[Result "0-1"]
[Round "01"]
[TimeControl "180+2"]
[Date "2023.01.03"]
[WhiteClock "0:01:15"]
[BlackClock "0:00:06"]

1. d4 d5 2. c4 c6 3. Nc3 dxc4 4. e3 b5 5. Nxb5 cxb5 6. Qf3 Nc6 7. Qxc6+ Bd7 8. Qf3 e5 9. Bd2 exd4 10. exd4 Nf6 11. Ne2 Bd6 12. Bf4 Bb4+ 13. Nc3 O-O 14. Be2 Bg4 15. Qe3 Re8 16. Be5 Nd5 17. Qg3 Rxe5 18. dxe5 Bxe2 19. Kxe2 Bxc3 20. bxc3 Qa5 21. Rhe1 Nxc3+ 22. Kf1 b4 23. e6 fxe6 24. Rxe6 Qd5 25. Re7 Qd4 26. Rae1 Rd8 27. Re8+ Rxe8 28. Rxe8+ Kf7 29. Qe3 Qxe3 30. Rxe3 Nxa2 31. Ke1 c3 32. Rf3+ Kg8 33. Kd1 b3 34. Rxc3 Nxc3+ 35. Kc1 Ne4 36. f3 Nc5 37. Kb2 a5 38. Ka3 a4 0-1


[Site "https://www.chess.com"]

[Event "Titled Tuesday Blitz January 03 Late 2023"]
[White "Harish, Neeraj"]
[Black "Ehlvest, Jaan"]
[WhiteFideId "30958130"]
[BlackFideId "4500016"]
[WhiteElo "2232"]
[BlackElo "2530"]
[Result "0-1"]
[Round "01"]
[TimeControl "180+2"]
[Date "2023.01.03"]
[WhiteClock "0:00:04"]
[BlackClock "0:00:35"]

1. e4 c5 2. Nf3 e6 3. d4 cxd4 4. Nxd4 Nf6 5. Nc3 Nc6 6. Ndb5 Bc5 7. Bf4 O-O 8. Bc7 Qe7 9. Bd6 Bxd6 10. Qxd6 Qd8 11. O-O-O a6 12. Nd4 Ne7 13. Qg3 b5 14. e5 Nfd5 15. Ne4 Bb7 16. Bd3 Qc7 17. Nf6+ Nxf6 18. exf6 Qxg3 19. Bxh7+ Kxh7 20. hxg3+ Kg8 21. fxe7 Rfe8 22. Nf3 Rxe7 23. Rh4 f6 24. b3 Rc8 25. Kb2 Kf7 26. Rc1 e5 27. c4 d5 28. c5 d4 29. b4 a5 30. a3 Bd5 31. Re1 Ra7 32. Ra1 Rca8 33. Rhh1 axb4 34. axb4 Ra2+ 35. Rxa2 Rxa2+ 36. Kb1 Rxf2 37. Nh4 d3 38. Rd1 Ba2+ 39. Kc1 Rc2# 0-1


[Site "https://www.chess.com"]

[Event "Titled Tuesday Blitz January 03 Late 2023"]
[White "Egorov, Evgeny"]
[Black "Wang, Alexander J"]
[WhiteFideId "13700421"]
[BlackFideId "30955270"]
[WhiteElo "2294"]
[BlackElo "1815"]
[Result "1-0"]
[Round "01"]
[TimeControl "180+2"]
[Date "2023.01.03"]
[WhiteClock "0:02:15"]
[BlackClock "0:01:15"]

1. e4 c5 2. Nc3 d6 3. Nf3 Nf6 4. e5 dxe5 5. Nxe5 Nbd7 6. d4 cxd4 7. Qxd4 Nxe5 8. Qxe5 e6 9. Bf4 Be7 10. Bb5+ Bd7 11. O-O-O O-O 12. Bxd7 Nxd7 13. Qb5 Qe8 14. Qxd7 Qxd7 15. Rxd7 Bf6 16. Ne4 e5 17. Nxf6+ gxf6 18. Bh6 Rfd8 19. Rhd1 Rxd7 20. Rxd7 b6 21. Kd2 1-0


[Site "https://www.chess.com"]

[Event "Titled Tuesday Blitz January 03 Late 2023"]
[White "Marcolino, Daniel Mattos"]
[Black "Suder, Jakub"]
[WhiteFideId "2106841"]
[BlackFideId "1195310"]
[WhiteElo "2006"]
[BlackElo "2244"]
[Result "0-1"]
[Round "01"]
[TimeControl "180+2"]
[Date "2023.01.03"]
[WhiteClock "0:00:14"]
[BlackClock "0:00:39"]

1. d4 d5 2. Nf3 Nf6 3. g3 e6 4. Bg2 Be7 5. O-O O-O 6. c4 dxc4 7. Qc2 b5 8. a4 b4 9. Nfd2 Nd5 10. Nxc4 c5 11. dxc5 Ba6 12. Rd1 Nd7 13. e4 N5f6 14. Bg5 Rc8 15. Nd6 Rxc5 16. Qd2 Qc7 17. Be3 Rc2 18. Qd4 e5 19. Qxa7 Qxa7 20. Bxa7 Rxb2 21. Nf5 Bc5 22. Bxc5 Nxc5 23. Nd2 g6 24. Ne3 Be2 25. Ndc4 Bxd1 26. Nxb2 Bb3 27. a5 Ra8 28. Nbc4 Bxc4 29. Nxc4 Nfxe4 30. a6 Ra7 31. Nxe5 Nc3 32. Bf1 b3 33. Nc6 b2 34. Re1 Rxa6 35. Bxa6 Nxa6 36. Na5 b1=Q 37. Rxb1 Nxb1 38. Nc4 Kg7 39. h4 Nc3 40. Kg2 Nc5 41. Ne5 Nd5 42. h5 gxh5 43. Kf3 f6 44. Nc6 Ne6 45. Nb8 Kg6 46. Nd7 Kf5 0-1


[Site "https://www.chess.com"]